Map: Dusk Towers

Players

KrisKodi

  • Race: Terran Terran
  • League: Silver

Miszu - Winner!

  • Race: Terran Terran
  • League: Master

VOD

Have the link to the VOD?

Description

Time

  • Played on: March 11, 2016, 12:26 p.m.
  • Length: 4:08
Show
View Real Time Build Order
Export as new Build Order

KrisKodi Terran 

Build Orders:  

Get SALT Encoding   

  12  0:00  SCV  
  13  0:13  SCV  
  14  0:21  Supply Depot  
  14  0:26  SCV  
  15  0:43  SCV  
  16  0:58  Supply Depot  
  16  0:59  Supply Depot  
  16  1:02  Barracks  
  16  1:07  SCV  
  17  1:16  Barracks  
  17  1:21  SCV  
  18  1:33  SCV  
  19  1:45  SCV  
  20  1:49  Marine  
  20  1:52  Barracks  
  21  2:07  Marine  
  22  2:09  Marine  
  24  2:22  SCV  
  24  2:24  Bunker  
  24  2:25  Marine  
  24  2:27  Marine  
  25  2:43  Marine x2  
  26  2:45  Marine  
  24  3:04  Marine x3  
  24  3:22  Marine x3  
  26  3:39  Marine  
  26  3:40  Marine x2  
Show
View Real Time Build Order
Export as new Build Order

Miszu Terran - Winner!

Build Orders:  

Get SALT Encoding   

  12  0:02  SCV  
  13  0:14  SCV  
  13  0:16  Refinery  
  14  0:26  SCV  
  15  0:37  Supply Depot  
  15  0:58  SCV  
  15  1:02  Barracks  
  16  1:06  Refinery  
  16  1:10  SCV  
  17  1:23  SCV  
  18  1:35  SCV  
  20  1:50  Orbital Command  
  20  1:51  Factory  
  20  1:52  Barracks Reactor  
  20  1:53  Reaper  
  20  1:57  Supply Depot  
  20  2:16  SCV  
  21  2:25  Supply Depot, Reaper  
  22  2:42  Hellion  
  24  2:44  Starport  
  24  2:49  SCV  
  25  2:57  Reaper  
  26  3:03  Hellion  
  26  3:04  SCV  
  29  3:10  Supply Depot  
  29  3:16  SCV  
  30  3:26  Hellion  
  31  3:28  SCV  
  31  3:29  Reaper  
  31  3:32  Supply Depot, Starport Tech Lab  
  33  3:40  SCV  
  34  3:52  SCV  
Tags
 
Add a new tag
Caveats
  • Supply blocks, unpowered buildings, or Contaminate may cause inaccurate times.
  • Supply counts are checked every 10 seconds.